 Dungeon Crawl Stone Soup version 0.28.0-53-g5a82cb258f (webtiles) character file.

Game seed: 13289390375588412482

2496 hawla the Destroyer (level 9, -4/82 (100) HPs)
             Began as a Purple Draconian Conjurer on June 22, 2022.
             Slain by a wight
             ... wielding a +2 battleaxe
              (11 damage)
             ... on level 6 of the Dungeon on July 4, 2022.
             The game lasted 00:22:45 (10111 turns).

hawla the Destroyer (Purple Draconian Conjurer)    Turns: 10111, Time: 00:22:46

HP:   -4/82 (100)   AC: 31    Str: 10    XL:     9   Next: 28%
MP:   4/15          EV:  2    Int: 23    God:
Gold: 130           SH:  0    Dex:  9    Spells: 10/17 levels left

rFire   + . .      SeeInvis .   i - +2 dagger (protect)
rCold   . . .      Faith    .   (no shield)
rNeg    . . .      Spirit   .   (armour unavailable)
rPois   +          Reflect  .   (helmet currently unavailable)
rElec   .          Harm     .   (cloak currently unavailable)
rCorr   .          Rampage  .   (gloves currently unavailable)
Will    ++...      NoTele   +   (boots currently unavailable)
Stlth   ++........              (no amulet)
HPRegen 0.23/turn               x - ring of willpower
MPRegen 0.14/turn               y - ring of protection from fire

@: tree-form, under a protective aura, studying Ice Magic, heavily drained
A: stationary, stasis, torment immunity, boosted hp, (breathe power), AC +7,
unfitting armour, (cold-blooded)
a: no special abilities


You were on level 6 of the Dungeon.
You were a tree.
You visited 1 branch of the dungeon, and saw 7 of its levels.
You also visited: Sewer.

You collected 130 gold pieces.

Inventory:

Hand Weapons
 i - a +2 dagger of protection (weapon)
 o - a +2 dagger of venom
Missiles
 d - 24 poisoned darts (quivered)
 p - 2 boomerangs
 r - a silver boomerang
Armour
 g - a +0 cloak (melded)
 n - a +0 pair of boots (melded)
Jewellery
 x - a ring of willpower (left branch)
 y - a ring of protection from fire (right branch)
Wands
 l - a wand of digging (6)
Scrolls
 f - 2 scrolls of fear
 v - a scroll of enchant weapon {unknown}
 A - 3 scrolls of teleportation
 B - a scroll of vulnerability {unknown}
 D - a scroll of immolation {unknown}
Potions
 b - 2 potions of attraction
 c - 4 potions of haste
 e - 2 potions of brilliance
 k - a potion of curing
 s - 2 potions of might {unknown}
 w - a potion of flight {unknown}
 z - 2 potions of ambrosia {unknown}


   Skills:
 + Level 2.2 Fighting
 + Level 4.1 Dodging
 + Level 3.2 Stealth
 + Level 4.6 Spellcasting
 + Level 10.6 Conjurations
 + Level 4.1 Translocations


You had 10 spell levels left.
You knew the following spells:

 Your Spells              Type           Power      Damage    Failure   Level
a - Magic Dart            Conj           100%       1d8       1%          1
b - Searing Ray           Conj           100%       2d8       1%          2
c - Iskenderun's Mystic   Conj/Tloc      39%        2d9       4%          4

Your spell library contained the following spells:

 Spells                   Type           Power      Damage    Failure   Level
 Conjure Flame            Conj/Fire      29%        6-21      3%          3
 Dazzling Flash           Conj/Hex       58%        N/A       3%          3
 Fulminant Prism          Conj/Hex       14%        3d9       11%         4
 Sticky Flame             Conj/Fire      29%        2d5       11%         4
 Ignite Poison            Fire/Tmut/Pois 5%         N/A       30%         3


Dungeon Overview and Level Annotations

Branches:
Dungeon (7/15)             Temple (0/1) D:7           Sewer (visited)

Altars:
Xom

Shops:
D:1 ?

Annotations:
D:2 Robin
D:3 1 runed translucent door, Crazy Yiuf


Innate Abilities, Weirdness & Mutations

You are a tree.
Your roots penetrate the ground, keeping you stationary.
You cannot be teleported.
You are immune to unholy pain and torment.
Your maximum health is greatly increased.
Your equipment is partially melded.
((You can breathe bolts of dispelling energy.))
((Your rich purple scales are hard. (AC +7)))
You cannot fit into any form of body armour.
((You are cold-blooded and may be slowed by cold attacks.))


Message History

The searing ray hits the wight but does no damage.
The wight is almost destroyed.
The wight closely misses you. The wight barely misses you.
The searing ray hits the wight!
You destroy the wight!
You finish channelling your searing ray.
The wight hits you but does no damage.
Things that are here:
a +0 morningstar; a +0 robe The wight hits you with a +2 battleaxe!
You feel drained.
Casting: Searing Ray (safe; 1% risk of failure)
Confirm with . or Enter, or press ? or * to list all spells.
Aiming: Searing Ray (safe; 1% risk of failure)
Press: ? - help, Shift-Dir - straight line, f - wight
Aim: a wight, wielding a +2 battleaxe and wearing a +0 robe (moderately damaged, 83% to hit)
The searing ray misses the wight. (Press . to maintain the ray.)
The wight hits you with a +2 battleaxe!
* * * LOW HITPOINT WARNING * * *
You feel drained.
* * * LOW HITPOINT WARNING * * *
Really quaff the potion of lignification?
You turn into a tree.
Your +0 cloak melds into your body.
Your +0 pair of boots melds into your body.
Your roots penetrate the ground.
The wight hits you but does no damage.
You hit the wight but do no damage.
Your weapon exudes an aura of protection.
The wight is moderately damaged.
The wight hits you but does no damage.
You hit the wight.
The wight is severely damaged.
The wight hits you but does no damage.
You closely miss the wight.
The wight is severely damaged.
The wight hits you with a +2 battleaxe.
* * * LOW HITPOINT WARNING * * *
You completely miss the wight.
The wight is severely damaged.
The wight hits you with a +2 battleaxe!
You die...

#.# #.#
##.##..#..######. #.#
#.# #..##.###...# ##
##.#### #.# ##.###.#
###.## # ......#
#.###..# #># #..####
......# #.##..## #)#
##.....
......######.##.## #.#
######
.................# #.#
......######.#.#.####.#
......# #....#♣z....#
......# ##.#.#########
......# #....# #######
######


You could see a wight.

Vanquished Creatures
  A water moccasin (D:6)
  An ice beast (D:5)
  An orc warrior (D:6)
  A hornet zombie (D:6)
  A wolf (D:6)
  A centaur (D:6)
  3 kobold brigands (Sewer)
  2 wyvern zombies
  2 scorpions (D:4)
  A bullfrog (D:3)
  A water moccasin skeleton (D:4)
  8 wights
  4 crimson imps (D:5)
  3 howler monkeys
  A bullfrog zombie (D:5)
  5 hounds
  A centaur skeleton (D:6)
  An orc priest (D:4)
  A bullfrog skeleton (D:4)
  3 orc wizards
  A hound skeleton (D:3)
  9 gnolls
  A river rat (Sewer)
  13 adders
  An adder skeleton (D:4)
  4 worms
  2 dart slugs
  20 orcs
  8 bats
  6 endoplasms
  5 giant cockroaches
  13 hobgoblins
  11 jackals
  15 kobolds
  3 quokkas
  8 ball pythons
  3 frilled lizards
  12 goblins
  8 rats
185 creatures vanquished.

Vanquished Creatures (collateral kills)
  2 wights (D:6)
  A hobgoblin (D:2)
  A rat (D:2)
4 creatures vanquished.

Grand Total: 189 creatures vanquished

Notes
Turn   | Place    | Note
-------+----------+-------------------------------------------
     0 | D:1      | hawla the Draconian Conjurer began the quest for the Orb.
     0 | D:1      | Reached XP level 1. HP: 14/14 MP: 3/3
   184 | D:1      | Found Luk Iduf's Magic Scroll Shoppe.
   302 | D:1      | Reached XP level 2. HP: 20/20 MP: 3/5
   305 | D:1      | Learned a level 2 spell: Searing Ray
   924 | D:1      | Reached XP level 3. HP: 26/26 MP: 2/6
   963 | D:1      | Found a faded altar of an unknown god.
  1647 | D:2      | Reached skill level 5 in Conjurations
  1674 | D:2      | Noticed Robin
  1858 | D:2      | Reached XP level 4. HP: 33/33 MP: 3/7
  1903 | D:1      | Learned a level 4 spell: Iskenderun's Mystic Blast
  2550 | D:3      | Found a glowing drain.
  2648 | Sewer    | Entered a sewer
  3319 | Sewer    | Noticed a kobold brigand
  3332 | Sewer    | Killed a kobold brigand
  3333 | Sewer    | Reached skill level 6 in Conjurations
  3333 | Sewer    | Reached skill level 1 in Translocations
  3333 | Sewer    | Reached XP level 5. HP: 26/38 MP: 1/8
  3501 | Sewer    | Reached XP level 6. HP: 26/45 MP: 1/9
  3509 | Sewer    | Reached skill level 7 in Conjurations
  4119 | D:3      | Found a runed translucent door.
  4120 | D:3      | Noticed Crazy Yiuf
  5113 | D:3      | Your scales start taking on a rich purple colour.
  5113 | D:3      | Reached XP level 7. HP: 49/50 MP: 0/11
  5505 | D:4      | Reached skill level 8 in Conjurations
  6528 | D:5      | Entered Level 5 of the Dungeon
  6639 | D:5      | Reached skill level 9 in Conjurations
  6810 | D:5      | Reached XP level 8. HP: 49/57 MP: 1/12
  7080 | D:5      | Found a shimmering altar of Xom.
  8165 | D:6      | Reached skill level 1 in Fighting
  8165 | D:6      | Reached skill level 10 in Conjurations
  9019 | D:6      | Reached XP level 9. HP: 67/67 MP: 1/15
 10073 | D:7      | Found a staircase to the Ecumenical Temple.
 10111 | D:6      | Slain by a wight

Illustrated notes

Levels and vault maps discovered:
D:1:      psy_arrival_statuary, layout_loops_ring,
          ebering_ecumenical_altar_abandoned, serial_shops, nicolae_diamond_shop
D:2:      layout_loops_cross, grunt_ministairs_15, uniq_robin
D:3:      layout_loops_ring, cheibrodos_sewer_entry_drain, nrook_mini_vaults,
          kennysheep_generic_room_15, uniq_crazy_yiuf_cottage
D:4:      layout_rooms, st_stairs_1, hangedman_decor_riveting,
          kennysheep_big_empty_room
D:5:      layout_loops_ring, led_xom_imps
D:6:      layout_rooms, minmay_strange_pillars
D:7:      layout_cave_pools, minmay_temple_entry_offerings, serial_gnoll_camp,
          gnoll_camp_huts_basic, gnoll_camp_mini_loothouse,
          gnoll_camp_mini_doghouse, gnoll_camp_mini_hut, gnoll_camp_mini_house,
          gnoll_camp_mini_sergeant, item_on_display_a

Skill      XL: |  1  2  3  4  5  6  7  8  9 |
---------------+----------------------------+-----
Stealth        | 2 3 |  3.2
Conjurations   | 5 6 7 9 10 | 10.6
Translocations | 1 2 3 4 |  4.1
Spellcasting   | 3 4 |  4.6
Dodging        | 3 4 |  4.1
Fighting       | 1 2 |  2.2

Action                   |  1- 3 |  4- 6 |  7- 9 || total
-------------------------+-------+-------+-------++-------
Melee: Unarmed           |    18 |    33 |       ||    51
       Tailslap          |     1 |     9 |    16 ||    26
       Punch             |     1 |       |     1 ||     2
       Dagger            |       |    82 |   168 ||   250
 Cast: Magic Dart        |    48 |    36 |    19 ||   103
       Searing Ray       |     9 |    30 |    42 ||    81
       Iskenderun's Myst |       |     4 |    29 ||    33
  Use: Scroll            |     5 |       |     7 ||    12
       Potion            |       |       |     5 ||     5
 Stab: Sleeping          |       |     2 |       ||     2
       Distracted        |       |       |     1 ||     1
Armor: Skin              |    14 |    41 |    84 ||   139
Dodge: Dodged            |    20 |    77 |   144 ||   241
